[Event "European School-ch 2019"]
[Site "Mamaia"]
[Date "2019.06.03"]
[Round "4.32"]
[White "Kumar, Sanjit S"]
[Black "Paunescu, Stefan-Vlad"]
[Result "1-0"]
[ECO "B41"]
[WhiteElo "1392"]
[BlackElo "1358"]
[Annotator "NA"]
[PlyCount "91"]
[EventDate "2019.05.31"]
[EventType "swiss"]
[EventCountry "ROU"]
[SourceTitle "playchess.com"]
[Source "ChessBase"]
[SourceQuality "1"]
[TimeControl "40/5400+30:1800+30"]

1. e4 c5 2. Nf3 e6 3. d4 cxd4 4. Nxd4 a6 5. c4 Nf6 6. Nc3 Qc7 7. Be2 Be7 8. O-O O-O 9. Be3 d6 10. Qd2 Nbd7 11. f3 Ne5 12. b3 Rd8 13. Rac1 Kh8 14. Rfd1 Ned7 15. b4 b6 16. a3 Bb7 17. Qe1 Bf8 18. Qf2 Rab8 19. Nb3 Rdc8 20. Na4 Ba8 21. Nc3 Ne5 22. Na4 Ned7 23. Nb2 g6 24. Nd3 Bg7 25. Nd2 Qd8 26. Bf4 e5 27. Be3 Nf8 28. c5 d5 29. Nxe5 Qe8 30. Nd3 dxe4 31. fxe4 Nxe4 32. Nxe4 Qxe4 33. Bf3 Qe8 34. Bxa8 Rxa8 35. cxb6 Rxc1 36. Rxc1 Rb8 37. Bf4 Rd8 38. b7 Qd7 39. b8=Q Rxb8 40. Bxb8 Bd4 41. Be5+ Bxe5 42. Nxe5 Qd5 43. Nxf7+ Kg7 44. Rf1 Qe6 45. Qd4+ Kg8 46. Qh8# 1-0

[Event "European School-ch 2019"]
[Site "Mamaia"]
[Date "2019.06.03"]
[Round "4.33"]
[White "Bayramli, Rafael"]
[Black "Mammadli, Ali"]
[Result "1/2-1/2"]
[ECO "D00"]
[WhiteElo "1331"]
[BlackElo "1220"]
[Annotator "NA RC"]
[PlyCount "141"]
[EventDate "2019.05.31"]
[EventType "swiss"]
[EventCountry "ROU"]
[SourceTitle "playchess.com"]
[Source "ChessBase"]
[SourceQuality "1"]
[TimeControl "40/5400+30:1800+30"]

1. d4 d5 2. Bf4 Nf6 3. e3 e6 4. Nf3 c5 5. c3 Nc6 6. Nbd2 Be7 7. Bd3 Nh5 8. Bg3 Nxg3 9. hxg3 g6 10. Qe2 b6 11. Bb5 Bd7 12. Bxc6 Bxc6 13. Ne5 Rc8 14. Nxc6 Rxc6 15. Qb5 Qd7 16. Nf3 Bf6 17. a4 Qb7 18. O-O O-O 19. Rad1 c4 20. a5 a6 21. Qb4 Be7 22. Qa4 b5 23. Qc2 f6 24. e4 b4 25. exd5 exd5 26. Nh4 Kg7 27. Rde1 Rf7 28. Re3 bxc3 29. bxc3 Qb5 30. Rfe1 Ba3 31. Re8 Qb2 32. Qa4 Rcc7 33. R8e6 Qb3 34. Qxb3 cxb3 35. Rxa6 Rxc3 36. Rb6 b2 37. Nf3 Rfc7 38. Nd2 Rc1 39. Rf1 R7c2 40. a6 Rc8 41. Nb1 Bb4 42. Rb7+ Kh6 43. a7 Rxf1+ 44. Kxf1 Rc1+ 45. Ke2 Rxb1 46. Rxb4 Ra1 47. Rxb2 Rxa7 48. Rb5 Rd7 49. Kd3 Kg5 50. Kc3 Kf5 51. Kb4 Ke6 52. Rb6+ Kf5 53. Kc5 g5 54. g4+ Ke4 55. Re6+ Kf4 56. Rxf6+ Kxg4 57. Rd6 Rf7 58. Rxd5 Rxf2 59. g3 Rc2+ 60. Kb4 h6 61. Rd6 Kxg3 62. Rxh6 g4 63. d5 Kf3 64. d6 g3 65. Rg6 g2 66. Kb5 Kf2 67. Kb6 g1=Q 68. Rxg1 Kxg1 69. d7 Rd2 70. Kc7 Rxd7+ 71. Kxd7 1/2-1/2

[Event "European School-ch 2019"]
[Site "Mamaia"]
[Date "2019.06.03"]
[Round "4.34"]
[White "Celik, Ali Alper"]
[Black "Danila, Tudor-Gabriel"]
[Result "1-0"]
[ECO "B23"]
[WhiteElo "1169"]
[BlackElo "1336"]
[Annotator "NA"]
[PlyCount "41"]
[EventDate "2019.05.31"]
[EventType "swiss"]
[EventCountry "ROU"]
[SourceTitle "playchess.com"]
[Source "ChessBase"]
[SourceQuality "1"]
[TimeControl "40/5400+30:1800+30"]

1. e4 c5 2. Nc3 g6 3. Nge2 Bg7 4. g3 Nc6 5. Bg2 e6 6. O-O Nge7 7. d3 d5 8. exd5 exd5 9. Nf4 Be6 10. Re1 Nd4 11. Ncxd5 O-O 12. Nxe6 fxe6 13. Bg5 Ndc6 14. Rxe6 Re8 15. Qe2 Nd4 16. Qe4 Nxe6 17. Qxe6+ Kf8 18. Nf6 Bxf6 19. Bh6+ Bg7 20. Qf6+ Kg8 21. Qxg7# 1-0

[Event "European School-ch 2019"]
[Site "Mamaia"]
[Date "2019.06.03"]
[Round "4.35"]
[White "Dias, Ruwan"]
[Black "Korovko, Iakov"]
[Result "0-1"]
[ECO "C16"]
[WhiteElo "1359"]
[BlackElo "1232"]
[Annotator "NA"]
[PlyCount "124"]
[EventDate "2019.05.31"]
[EventType "swiss"]
[EventCountry "ROU"]
[SourceTitle "playchess.com"]
[Source "ChessBase"]
[SourceQuality "1"]
[TimeControl "40/5400+30:1800+30"]

1. e4 e6 2. d4 d5 3. Nc3 Bb4 4. e5 b6 5. a3 Bf8 6. Nf3 Ba6 7. Bxa6 Nxa6 8. O-O Ne7 9. Bg5 h6 10. Bh4 Qc8 11. Qd2 Nf5 12. Bg3 Be7 13. Ne2 O-O 14. Nf4 c5 15. c3 Nb8 16. Rac1 c4 17. Qc2 Nc6 18. b4 cxb3 19. Qxb3 Na5 20. Qa2 Qa6 21. Nd2 Rac8 22. Rc2 Nc4 23. Nxc4 Rxc4 24. Rfc1 Rfc8 25. Nd3 Ra4 26. Nb4 Bxb4 27. cxb4 Rxc2 28. Rxc2 Rxa3 29. Qb2 Nxd4 30. Rc8+ Qxc8 31. Qxa3 Ne2+ 32. Kf1 Qc1+ 33. Qxc1 Nxc1 34. f4 Nd3 35. Be1 Nxe1 36. Kxe1 a6 37. Kd2 Kf8 38. g4 Ke7 39. h4 Kd7 40. b5 axb5 41. Kc3 Kc6 42. Kb4 d4 43. f5 g5 44. hxg5 hxg5 45. f6 Kd5 46. Kb3 Kxe5 47. Kc2 Ke4 48. Kd2 d3 49. Kd1 Ke3 50. Ke1 d2+ 51. Kd1 b4 52. Kc2 Ke2 53. Kb3 d1=Q+ 54. Kxb4 Qc2 55. Kb5 Kd3 56. Kxb6 e5 57. Kb5 e4 58. Kb6 e3 59. Kb5 e2 60. Kb6 e1=Q 61. Kb5 Qeb1+ 62. Ka5 Qca2# 0-1

[Event "European School-ch 2019"]
[Site "Mamaia"]
[Date "2019.06.03"]
[Round "4.36"]
[White "Damodaran, Patrick"]
[Black "Mirzoyan, Davit T."]
[Result "0-1"]
[ECO "A81"]
[WhiteElo "1157"]
[BlackElo "2388"]
[Annotator "ChessBase"]
[PlyCount "47"]
[EventDate "2019.05.31"]
[EventType "swiss"]
[EventCountry "ROU"]
[SourceTitle "playchess.com"]
[Source "ChessBase"]
[SourceQuality "1"]
[TimeControl "40/5400+30:1800+30"]

1. d4 f5 2. g3 Nf6 3. Bg2 e6 4. Nf3 Be7 5. O-O O-O 6. c4 c6 7. Nc3 d5 8. c5 Bd7 9. Bf4 Be8 10. Ng5 Bf7 11. Nxf7 Rxf7 12. Re1 Nbd7 13. f3 b6 14. cxb6 Qxb6 15. Qc2 Qxd4+ 16. e3 Qc5 17. Rac1 Nh5 18. Bc7 Rc8 19. Bf4 e5 20. g4 fxg4 21. Bg3 Nxg3 22. hxg3 gxf3 23. Bh3 f2+ 24. Kh2 0-1

[Event "European School-ch 2019"]
[Site "Mamaia"]
[Date "2019.06.03"]
[Round "4.37"]
[White "Savu, Vicentiu-Dorian"]
[Black "Simsek, Suat Can"]
[Result "1-0"]
[ECO "D00"]
[WhiteElo "1133"]
[BlackElo "1761"]
[Annotator "NA"]
[PlyCount "91"]
[EventDate "2019.05.31"]
[EventType "swiss"]
[EventCountry "ROU"]
[SourceTitle "playchess.com"]
[Source "ChessBase"]
[SourceQuality "1"]
[TimeControl "40/5400+30:1800+30"]

1. d4 d5 2. Bf4 e6 3. e3 f5 4. Nf3 Nf6 5. Bd3 Be7 6. Nbd2 Nbd7 7. Ne5 O-O 8. Qf3 Ne4 9. Bxe4 fxe4 10. Qh3 Nxe5 11. Bxe5 Bf6 12. Qg3 Bd7 13. f3 Bh4 14. fxe4 Bxg3+ 15. hxg3 dxe4 16. Rh4 Bc6 17. Rg4 Rf7 18. O-O-O Bb5 19. Rh1 Be2 20. Rgh4 h6 21. Nxe4 Rf1+ 22. Rxf1 Bxf1 23. Rg4 Qd7 24. Nf6+ Kh8 25. Nxd7 Rg8 26. Rg6 Kh7 27. Rxe6 Bxg2 28. Re7 c6 29. Nf6+ Kh8 30. Nxg8 Kxg8 31. Rxg7+ Kf8 32. Rxb7 c5 33. Rxa7 cxd4 34. exd4 h5 35. Kd2 Bh1 36. b4 Bg2 37. Kc3 Ke8 38. Kc4 Kd8 39. Kc5 Kc8 40. b5 Bh1 41. d5 Bg2 42. Ra8+ Kb7 43. Rb8+ Ka7 44. Kc6 Bh1 45. b6+ Ka6 46. Ra8# 1-0

[Event "European School-ch 2019"]
[Site "Mamaia"]
[Date "2019.06.03"]
[Round "4.41"]
[White "Shatil, Or"]
[Black "Mgeladze, Kesaria"]
[Result "0-1"]
[ECO "B13"]
[WhiteElo "1199"]
[BlackElo "1322"]
[Annotator "NA"]
[PlyCount "72"]
[EventDate "2019.05.31"]
[EventType "swiss"]
[EventCountry "ROU"]
[SourceTitle "playchess.com"]
[Source "ChessBase"]
[SourceQuality "1"]
[TimeControl "40/5400+30:1800+30"]

1. e4 c6 2. d4 d5 3. exd5 cxd5 4. Bd3 Nc6 5. c3 Qc7 6. h3 g6 7. Ne2 Bf5 8. Bxf5 gxf5 9. Bf4 Qb6 10. Qb3 Nf6 11. O-O e6 12. Qxb6 axb6 13. Re1 Be7 14. Nd2 O-O 15. Ng3 b5 16. Nf3 b4 17. Ne5 Ra7 18. Bg5 Rfa8 19. Kh2 Bd8 20. Nxc6 bxc6 21. cxb4 Rxa2 22. Rxa2 Rxa2 23. Rc1 Ng4+ 24. hxg4 Bxg5 25. Rxc6 fxg4 26. b5 Rxb2 27. Nh5 h6 28. b6 Kh7 29. Rd6 Kg6 30. Ng3 h5 31. Kg1 h4 32. Nf1 h3 33. g3 Rb1 34. b7 Rxb7 35. Kh2 Rb2 36. Kg1 Rb1 0-1

[Event "European School-ch 2019"]
[Site "Mamaia"]
[Date "2019.06.03"]
[Round "4.42"]
[White "Antal, Iris-Ileana"]
[Black "Ismayilova, Khanim"]
[Result "0-1"]
[ECO "A46"]
[WhiteElo "1057"]
[BlackElo "1225"]
[Annotator "NA"]
[PlyCount "108"]
[EventDate "2019.05.31"]
[EventType "swiss"]
[EventCountry "ROU"]
[SourceTitle "playchess.com"]
[Source "ChessBase"]
[SourceQuality "1"]
[TimeControl "40/5400+30:1800+30"]

1. d4 Nf6 2. Nf3 e6 3. c4 d5 4. g3 dxc4 5. Qa4+ Nc6 6. Qxc4 Be7 7. Qc2 Nxd4 8. Nxd4 Qxd4 9. Qxc7 Ne4 10. e3 Bb4+ 11. Nc3 Bxc3+ 12. bxc3 Qf6 13. f4 Qxc3+ 14. Qxc3 Nxc3 15. Bb2 Nd5 16. Bxg7 Rg8 17. Bd4 Nb4 18. Kd2 Bd7 19. Bg2 Bc6 20. Bxc6+ Nxc6 21. Kd3 Rd8 22. Rab1 Nxd4 23. exd4 Rd7 24. Rhc1 Ke7 25. Ke4 Rgd8 26. Rd1 Rc8 27. d5 f5+ 28. Kf3 exd5 29. Rb5 Ke6 30. Re1+ Kf6 31. Rd1 d4 32. Rb4 Rc3+ 33. Ke2 Rc2+ 34. Rd2 d3+ 35. Ke3 Rc3 36. Rb3 Rxb3 37. axb3 Ke6 38. Rxd3 Rxd3+ 39. Kxd3 Kd5 40. h3 h5 41. h4 a5 42. Ke3 b5 43. Kd3 a4 44. bxa4 bxa4 45. Kc3 Ke4 46. g4 fxg4 47. Kb4 g3 48. Kxa4 g2 49. Kb3 g1=Q 50. Kc4 Qd4+ 51. Kb3 Kd3 52. Ka3 Kc3 53. Ka2 Qb4 54. Ka1 Qb2# 0-1

[Event "European School-ch 2019"]
[Site "Mamaia"]
[Date "2019.06.03"]
[Round "4.43"]
[White "Zarkua, Anastasia"]
[Black "State-Ungureanu, Elena-Anastasia"]
[Result "0-1"]
[ECO "A06"]
[WhiteElo "1108"]
[BlackElo "1057"]
[Annotator "NA"]
[PlyCount "78"]
[EventDate "2019.05.31"]
[EventType "swiss"]
[EventCountry "ROU"]
[SourceTitle "playchess.com"]
[Source "ChessBase"]
[SourceQuality "1"]
[TimeControl "40/5400+30:1800+30"]

1. Nf3 d5 2. c4 c6 3. e3 Nf6 4. d4 Bg4 5. Nc3 Nbd7 6. cxd5 cxd5 7. Be2 e6 8. O-O Be7 9. h3 Bh5 10. Bd2 O-O 11. Rc1 Rc8 12. Qb3 Qb6 13. Qxb6 Nxb6 14. Nb5 a6 15. Nc3 Ne4 16. g4 Nxd2 17. Nxd2 Bg6 18. f4 f5 19. Nb3 Bb4 20. a3 Bxc3 21. Rxc3 Rxc3 22. bxc3 Na4 23. c4 Rc8 24. Rc1 Nb6 25. c5 Nd7 26. Na5 b5 27. c6 Nb6 28. Rc5 Na4 29. Rc1 Kf8 30. gxf5 Bxf5 31. Bg4 g6 32. Kf2 Nb2 33. Bxf5 gxf5 34. Kg3 Nc4 35. Kf3 Nxa5 36. c7 Nc4 37. a4 Rxc7 38. axb5 axb5 39. Rb1 Nd2+ 0-1

[Event "European School-ch 2019"]
[Site "Mamaia"]
[Date "2019.06.03"]
[Round "4.44"]
[White "Levitan, Liel"]
[Black "Korolchuk, Vladyslava"]
[Result "0-1"]
[ECO "B22"]
[WhiteElo "1162"]
[BlackElo "1032"]
[Annotator "NA"]
[PlyCount "140"]
[EventDate "2019.05.31"]
[EventType "swiss"]
[EventCountry "ROU"]
[SourceTitle "playchess.com"]
[Source "ChessBase"]
[SourceQuality "1"]
[TimeControl "40/5400+30:1800+30"]

1. e4 c5 2. c3 Nf6 3. e5 Nd5 4. d4 cxd4 5. cxd4 Nc6 6. Bc4 Nb6 7. Bb5 a6 8. Bd3 Nxd4 9. Be3 Nc6 10. Qb3 e6 11. Qxb6 Nxe5 12. Qxd8+ Kxd8 13. Bc2 Bb4+ 14. Nd2 Nc4 15. O-O-O Nxe3 16. fxe3 Bc5 17. e4 Be3 18. Ngf3 b5 19. Ne5 Ke7 20. Rhf1 f6 21. Ng4 Bd4 22. Nf3 Bc5 23. e5 f5 24. Nf2 Bb7 25. Nd3 Be3+ 26. Kb1 Bd5 27. Nb4 Bc4 28. Rfe1 Bf2 29. Rh1 a5 30. Nd3 Bb6 31. Nf4 g6 32. b3 Bd5 33. Nxd5+ exd5 34. Rxd5 b4 35. Rhd1 Rhd8 36. Bd3 Ra7 37. Bb5 Rc7 38. Ng5 Rb7 39. Ba6 Ra7 40. Bc4 h6 41. Rb5 Bc7 42. Nf7 Rf8 43. Rbd5 Bb6 44. e6 dxe6 45. Rd6 Kxf7 46. Rxb6 Re8 47. Rdd6 Rae7 48. Kc2 Kf6 49. Kd3 Ke5 50. Ra6 g5 51. Bb5 Rc8 52. Rd7 Rxd7+ 53. Bxd7 Rd8 54. Rxe6+ Kd5 55. Re7 Kd6 56. Rh7 Rxd7 57. Rxd7+ Kxd7 58. Ke3 Kd6 59. Kf3 Kd5 60. g4 f4 61. h4 Kd4 62. Ke2 Ke4 63. Kf2 f3 64. Kf1 Ke3 65. Ke1 f2+ 66. Kf1 Kf3 67. hxg5 hxg5 68. a4 bxa3 69. b4 a2 70. bxa5 a1=Q# 0-1

[Event "European School-ch 2019"]
[Site "Mamaia"]
[Date "2019.06.03"]
[Round "4.45"]
[White "Babic, Masa"]
[Black "Zhapova, Yana"]
[Result "1/2-1/2"]
[ECO "A06"]
[WhiteElo "1715"]
[BlackElo "1804"]
[Annotator "NA"]
[PlyCount "104"]
[EventDate "2019.05.31"]
[EventType "swiss"]
[EventCountry "ROU"]
[SourceTitle "playchess.com"]
[Source "ChessBase"]
[SourceQuality "1"]
[TimeControl "40/5400+30:1800+30"]

1. Nf3 d5 2. g3 Nf6 3. Bg2 c6 4. O-O Bf5 5. d3 h6 6. Nbd2 e6 7. b3 Be7 8. Bb2 O-O 9. c4 Nbd7 10. Rc1 a5 11. a3 Qb6 12. Bd4 Qc7 13. Nb1 dxc4 14. Rxc4 e5 15. Bb2 Rad8 16. Qc1 Be6 17. Rc3 Nd5 18. Rc2 f5 19. Nbd2 Bf6 20. e4 Ne7 21. Bh3 Nb6 22. Rc3 Qc8 23. Qc2 f4 24. Bg2 Ng6 25. Rc5 Nd7 26. Rc3 Nb6 27. b4 axb4 28. axb4 fxg3 29. hxg3 Bh3 30. Nh2 Be6 31. b5 Ne7 32. Ba3 Qd7 33. Bxe7 Bxe7 34. bxc6 bxc6 35. Rxc6 Rc8 36. Rc1 Rxc6 37. Qxc6 Rc8 38. Qxb6 Rxc1+ 39. Bf1 Kh7 40. Qb2 Rc5 41. Nhf3 Bf6 42. Qb4 Rc7 43. Qb1 Rb7 44. Qc2 Qc7 45. Nc4 Bxc4 46. dxc4 Qc5 47. Nh2 Qd4 48. Nf3 Qc5 49. Nh2 Bd8 50. Bh3 Qd4 51. Nf3 Qd6 52. c5 Qf6 1/2-1/2

[Event "European School-ch 2019"]
[Site "Mamaia"]
[Date "2019.06.03"]
[Round "4.46"]
[White "Arora, Tashika"]
[Black "Babic, Milana"]
[Result "0-1"]
[ECO "A46"]
[WhiteElo "1471"]
[BlackElo "1677"]
[Annotator "NA"]
[PlyCount "150"]
[EventDate "2019.05.31"]
[EventType "swiss"]
[EventCountry "ROU"]
[SourceTitle "playchess.com"]
[Source "ChessBase"]
[SourceQuality "1"]
[TimeControl "40/5400+30:1800+30"]

1. d4 Nf6 2. Nf3 d6 3. Bf4 g6 4. e3 Bg7 5. Be2 O-O 6. O-O Nbd7 7. c4 c5 8. Nc3 b6 9. Rc1 Nh5 10. Bg5 h6 11. Bh4 Bb7 12. Nb5 Bf6 13. Bxf6 Nhxf6 14. Nc3 Rc8 15. d5 a6 16. b3 Qc7 17. Qd2 Kg7 18. e4 Rfe8 19. Rfd1 e6 20. Re1 exd5 21. exd5 Ne5 22. Bd1 Nfd7 23. Nxe5 Nxe5 24. f4 Nd7 25. Bf3 Nf6 26. Qb2 Kg8 27. Qd2 b5 28. cxb5 axb5 29. Nxb5 Qb6 30. Nc3 c4+ 31. Kh1 Rxe1+ 32. Qxe1 cxb3 33. axb3 Qxb3 34. Qd2 Bxd5 35. Nxd5 Rxc1+ 36. Qxc1 Nxd5 37. Bxd5 Qxd5 38. h3 Qf5 39. Qd2 d5 40. Qe3 Qe6 41. Qd4 f5 42. Qa7 Qe1+ 43. Kh2 Qe6 44. Qb8+ Kg7 45. Qc7+ Qf7 46. Qc3+ Kh7 47. Qd4 h5 48. Kg1 h4 49. Kf2 Qe6 50. Qa7+ Kh6 51. Qb8 Qf6 52. Qb4 d4 53. Qd2 Qb6 54. Qd3 Qb2+ 55. Qe2 Qc3 56. Kf1 Qc1+ 57. Qe1 Qxf4+ 58. Qf2 Kg5 59. Ke2 Qxf2+ 60. Kxf2 Kf4 61. Ke2 Kg3 62. Kd3 Kxg2 63. Kxd4 Kxh3 64. Ke3 Kg3 65. Ke2 h3 66. Ke3 h2 67. Kd4 h1=Q 68. Kc5 Qe4 69. Kd6 Kf4 70. Kc5 Ke5 71. Kb5 Qc2 72. Kb4 Kd5 73. Kb5 Qb3+ 74. Ka5 Kc5 75. Ka6 Qb6# 0-1

[Event "European School-ch 2019"]
[Site "Mamaia"]
[Date "2019.06.03"]
[Round "4.47"]
[White "Rasheva, Nora"]
[Black "Petrenko, Maryna"]
[Result "1-0"]
[ECO "A44"]
[WhiteElo "1473"]
[BlackElo "1307"]
[Annotator "NA"]
[PlyCount "61"]
[EventDate "2019.05.31"]
[EventType "swiss"]
[EventCountry "ROU"]
[SourceTitle "playchess.com"]
[Source "ChessBase"]
[SourceQuality "1"]
[TimeControl "40/5400+30:1800+30"]

1. d4 c5 2. d5 e5 3. c4 d6 4. Nc3 f5 5. e4 Nf6 6. Qc2 g6 7. Bg5 Bg7 8. g3 Qa5 9. Bxf6 Bxf6 10. Bh3 Nd7 11. exf5 gxf5 12. Bxf5 Ke7 13. Qa4 Qxa4 14. Nxa4 e4 15. Bxd7 Bxd7 16. Nc3 Bxc3+ 17. bxc3 b5 18. Ne2 bxc4 19. O-O Bg4 20. Nf4 Kd7 21. Rfe1 Rhe8 22. Rab1 Kc7 23. Ng2 Re5 24. Ne3 Bf3 25. Rb2 Rg8 26. Reb1 Ree8 27. Rb7+ Kd8 28. Rxa7 Kc8 29. Nxc4 Ref8 30. Nxd6+ Kd8 31. Rb8# 1-0

[Event "European School-ch 2019"]
[Site "Mamaia"]
[Date "2019.06.03"]
[Round "4.48"]
[White "Andries, Alexia"]
[Black "Janouskova, Adela"]
[Result "1/2-1/2"]
[ECO "D37"]
[WhiteElo "1287"]
[BlackElo "1330"]
[Annotator "NA"]
[PlyCount "105"]
[EventDate "2019.05.31"]
[EventType "swiss"]
[EventCountry "ROU"]
[SourceTitle "playchess.com"]
[Source "ChessBase"]
[SourceQuality "1"]
[TimeControl "40/5400+30:1800+30"]

1. d4 d5 2. c4 e6 3. Nc3 Nf6 4. Nf3 Be7 5. e3 O-O 6. Bd3 Nbd7 7. O-O b6 8. e4 Bb7 9. Re1 dxc4 10. Bxc4 c5 11. Bf4 cxd4 12. Qxd4 Ng4 13. Bg3 Nc5 14. Rad1 Qxd4 15. Nxd4 Rac8 16. Bf1 Nf6 17. f3 Rfd8 18. Ndb5 a6 19. Nd6 Bxd6 20. Bxd6 h6 21. h3 Ne8 22. Bg3 Nf6 23. Rxd8+ Rxd8 24. Bc7 Rd2 25. Bxb6 Ncd7 26. Be3 Rxb2 27. Re2 Rxe2 28. Bxe2 Kf8 29. Kf1 Ke7 30. Ke1 Kd6 31. g4 Kc7 32. Na4 Kc6 33. Kd2 Kd6 34. Kd3 Bc6 35. Nc3 e5 36. Kc2 Bb7 37. Kb3 Nc5+ 38. Kb4 Nfd7 39. Na4 Nxa4 40. Kxa4 Nb8 41. Ka5 Kc7 42. Kb4 Nc6+ 43. Kc3 Kd6 44. Bc4 f6 45. Bd5 Nd8 46. Bxb7 Nxb7 47. Kb4 Kc6 48. a4 Kd6 49. Bf2 Kc6 50. Be3 Kd6 51. Bf2 Kc6 52. Be3 Kd6 53. Bf2 1/2-1/2

[Event "European School-ch 2019"]
[Site "Mamaia"]
[Date "2019.06.03"]
[Round "4.49"]
[White "Karaivanova, Petya"]
[Black "Putinceva, Marina"]
[Result "1-0"]
[ECO "C50"]
[WhiteElo "1688"]
[BlackElo "1471"]
[Annotator "NA RC"]
[PlyCount "139"]
[EventDate "2019.05.31"]
[EventType "swiss"]
[EventCountry "ROU"]
[SourceTitle "playchess.com"]
[Source "ChessBase"]
[SourceQuality "1"]
[TimeControl "40/5400+30:1800+30"]

1. e4 e5 2. Nf3 Nc6 3. Bc4 Bc5 4. O-O Nf6 5. d3 d6 6. c3 Bg4 7. Re1 Bb6 8. Nbd2 Qd7 9. b4 O-O 10. Nf1 Ne7 11. h3 Be6 12. Bb3 Ng6 13. Ng3 Rfe8 14. d4 Bxb3 15. Qxb3 Red8 16. Bg5 Ne7 17. Bxf6 gxf6 18. Nh5 Qe6 19. d5 Qc8 20. Nxf6+ Kg7 21. Nh5+ Kh6 22. Ng3 Rg8 23. Kf1 f5 24. Nh4 fxe4 25. Rxe4 Qf8 26. Nf3 Nf5 27. Nxf5+ Qxf5 28. Qc2 Raf8 29. Rh4+ Kg7 30. Rg4+ Kh8 31. Qxf5 Rxf5 32. Re4 Rgf8 33. Rae1 Rf4 34. R1e2 Kg7 35. Ke1 R8f7 36. Rxf4 Rxf4 37. Ng5 Rc4 38. Ne4 a5 39. a3 axb4 40. axb4 Kg6 41. Kd2 Ba7 42. Kd3 b5 43. g3 Kf5 44. Nd2 e4+ 45. Nxe4 Rxe4 46. Rxe4 Kf6 47. f4 Bf2 48. g4 Bg3 49. Ke2 Bh4 50. Re6+ Kg7 51. g5 Bg3 52. Kf3 Bh2 53. Re7+ Kg8 54. Rxc7 Bg1 55. Rd7 Kh8 56. Rxd6 Kg7 57. f5 Bh2 58. Rd7+ Kg8 59. Rb7 Be5 60. Rxb5 Bxc3 61. Rb7 Be5 62. f6 Bd6 63. b5 Bc5 64. Ke4 Bd6 65. Kf5 h5 66. g6 h4 67. Ke6 Bf4 68. Ra7 Kh8 69. Ra8+ Bb8 70. Rxb8# 1-0

[Event "European School-ch 2019"]
[Site "Mamaia"]
[Date "2019.06.03"]
[Round "4.50"]
[White "Shuqja, Klean"]
[Black "Aydin, Gulenay"]
[Result "0-1"]
[ECO "B70"]
[WhiteElo "1858"]
[BlackElo "1967"]
[Annotator "NA"]
[PlyCount "92"]
[EventDate "2019.05.31"]
[EventType "swiss"]
[EventCountry "ROU"]
[SourceTitle "playchess.com"]
[Source "ChessBase"]
[SourceQuality "1"]
[TimeControl "40/5400+30:1800+30"]

1. e4 c5 2. Nf3 d6 3. d4 cxd4 4. Nxd4 Nf6 5. Nc3 g6 6. Be2 Bg7 7. O-O O-O 8. Bg5 Nc6 9. Nb3 a6 10. f4 b5 11. Bf3 b4 12. Nd5 $15 (12. Na4 $5 Qc7 13. c4 $11) 12... Nxd5 13. exd5 Na5 14. Nxa5 Qxa5 15. Kh1 Re8 16. Qc1 Bb7 17. a3 b3 18. c4 Rac8 19. Rb1 Qa4 20. Bg4 Rxc4 21. Bd7 Rxc1 22. Bxa4 Rxb1 23. Rxb1 Rb8 24. Bxb3 Bc8 25. Ba4 Bf5 26. Re1 Bxb2 27. Rxe7 Bxa3 28. h3 Kf8 29. Rc7 Kg7 30. Rc6 Be4 31. Be7 Rb1+ 32. Kh2 Rb2 33. h4 Bxg2 34. Kg3 Bxd5 35. Rxa6 Rg2+ 36. Kh3 Rd2 37. Bb5 Bc5 38. Kg3 Rg2+ 39. Kh3 Rb2 40. Bc6 Be6+ 41. Kg3 h5 42. Ra8 Bg4 43. f5 Bf2+ 44. Kf4 Rb4+ 45. Be4 Bxf5 46. Bf8+ Kf6 0-1

[Event "European School-ch 2019"]
[Site "Mamaia"]
[Date "2019.06.03"]
[Round "4.51"]
[White "Mamardashvili, Ana"]
[Black "Kapicakova, Lucia"]
[Result "1/2-1/2"]
[ECO "B17"]
[WhiteElo "1415"]
[BlackElo "1776"]
[Annotator "NA RC"]
[PlyCount "96"]
[EventDate "2019.05.31"]
[EventType "swiss"]
[EventCountry "ROU"]
[SourceTitle "playchess.com"]
[Source "ChessBase"]
[SourceQuality "1"]
[TimeControl "40/5400+30:1800+30"]

1. e4 c6 2. d4 d5 3. Nc3 dxe4 4. Nxe4 Nd7 5. Nf3 Ngf6 6. Ng3 g6 7. Bd3 Bg7 8. Qe2 Nb6 9. h3 Qc7 10. c4 O-O 11. O-O Re8 12. Be3 Nbd7 13. Qd2 e5 14. Nxe5 Nxe5 15. dxe5 Qxe5 16. b3 Qe7 17. Rad1 Be6 18. Rfe1 Nd7 19. Bf4 Rad8 20. Qc1 Nc5 21. Bb1 a5 22. Rxd8 Rxd8 23. Rd1 f5 24. Rxd8+ Qxd8 25. Qd2 Qxd2 26. Bxd2 b6 27. Bf4 b5 28. cxb5 cxb5 29. Bc2 a4 30. bxa4 bxa4 31. Be3 Bf8 32. Bxc5 Bxc5 33. Bxa4 Bxa2 34. Ne2 Kf7 35. g3 Kf6 36. h4 Ke5 37. Bc6 Bc4 38. Nf4 Bd6 39. Bb7 Kd4 40. Ng2 h6 41. Bc6 Bf7 42. Kf1 g5 43. hxg5 hxg5 44. f4 gxf4 45. Nxf4 Bxf4 46. gxf4 Ke3 47. Bd7 Kxf4 48. Bxf5 Ke5 1/2-1/2

[Event "European School-ch 2019"]
[Site "Mamaia"]
[Date "2019.06.03"]
[Round "4.52"]
[White "Ignacio Lopez, Anahi"]
[Black "Puia, Alexia-Teodora"]
[Result "0-1"]
[ECO "B22"]
[WhiteElo "1362"]
[BlackElo "1543"]
[Annotator "NA"]
[PlyCount "72"]
[EventDate "2019.05.31"]
[EventType "swiss"]
[EventCountry "ROU"]
[SourceTitle "playchess.com"]
[Source "ChessBase"]
[SourceQuality "1"]
[TimeControl "40/5400+30:1800+30"]

1. e4 c5 2. c3 Nf6 3. e5 Nd5 4. Nf3 d6 5. d4 cxd4 6. cxd4 e6 7. Bc4 Nc6 8. Bxd5 exd5 9. Nc3 dxe5 10. dxe5 Bb4 11. O-O Bxc3 12. bxc3 O-O 13. Ba3 Re8 14. Bd6 Be6 15. Rb1 b6 16. Qa4 Na5 17. Qf4 Nc4 18. Bb4 a5 19. Bd6 Nxd6 20. exd6 Rc8 21. Qd4 Rc6 22. Rb5 Rxd6 23. h3 Bf5 24. Rd1 Bc2 25. Rd2 Re4 26. Qxd5 Rxd5 27. Rbxd5 Qf8 28. Rxc2 h6 29. g3 Qc8 30. Kg2 Kh7 31. Kh2 Rc4 32. Rd3 b5 33. Nd4 b4 34. Ne2 Qf5 35. Rdd2 Qxf2+ 36. Kh1 bxc3 0-1

[Event "European School-ch 2019"]
[Site "Mamaia"]
[Date "2019.06.03"]
[Round "4.53"]
[White "Obada, Ema"]
[Black "Zyapaeva, Polina"]
[Result "1/2-1/2"]
[ECO "B43"]
[WhiteElo "1889"]
[BlackElo "1806"]
[Annotator "NA"]
[PlyCount "71"]
[EventDate "2019.05.31"]
[EventType "swiss"]
[EventCountry "ROU"]
[SourceTitle "playchess.com"]
[Source "ChessBase"]
[SourceQuality "1"]
[TimeControl "40/5400+30:1800+30"]

1. e4 c5 2. Nf3 e6 3. d4 cxd4 4. Nxd4 a6 5. Nc3 Qc7 6. Bd3 b5 7. a3 Bb7 8. O-O Nf6 9. Qe2 Nc6 10. Nxc6 Qxc6 $11 11. Kh1 b4 12. axb4 Bxb4 13. Ra4 a5 14. Bg5 O-O 15. Bxf6 gxf6 16. Nb5 Kh8 17. c3 Be7 18. Rfa1 Bd8 19. Qh5 Rg8 20. Rd4 Rg6 21. Nd6 Kg8 22. Bb5 Qb6 23. Nxf7 d5 24. Be8 Qxb2 25. Rg1 Bb6 26. Nh6+ Kg7 27. Bxg6 hxg6 28. Qh3 Bxd4 29. cxd4 Rh8 30. e5 fxe5 31. Qxe6 Kxh6 32. Qh3+ Kg7 33. Qd7+ Kh6 34. Qh3+ Kg7 35. Qd7+ Kh6 36. Qh3+ 1/2-1/2

[Event "European School-ch 2019"]
[Site "Mamaia"]
[Date "2019.06.03"]
[Round "4.54"]
[White "Bubeeva, Larisa"]
[Black "Ruzic, Pia Marie"]
[Result "0-1"]
[ECO "A45"]
[WhiteElo "1548"]
[BlackElo "1917"]
[Annotator "NA"]
[PlyCount "60"]
[EventDate "2019.05.31"]
[EventType "swiss"]
[EventCountry "ROU"]
[SourceTitle "playchess.com"]
[Source "ChessBase"]
[SourceQuality "1"]
[TimeControl "40/5400+30:1800+30"]

1. d4 Nf6 2. Bf4 g6 3. Nc3 Bg7 4. e4 d6 5. Qd2 O-O 6. O-O-O c6 7. Bd3 Qc7 8. Bh6 $14 e5 9. Bxg7 Kxg7 10. dxe5 dxe5 11. f3 b5 12. g4 a5 13. h4 a4 14. h5 Be6 15. hxg6 fxg6 16. Nh3 Na6 17. Ng5 Bg8 18. Qe3 Qa7 19. Qd2 Nb4 20. Kb1 Nxd3 21. Qxd3 b4 22. Qd6 bxc3 23. Qxe5 h6 24. Ne6+ Bxe6 25. Qxe6 Qb7 26. b3 axb3 27. cxb3 c2+ 28. Kxc2 Rxa2+ 29. Kb1 Qa7 30. Rhf1 Qa3 0-1